 Dungeon Crawl Stone Soup version 0.26-a0-651-gb41185065b (webtiles) character file.

Game seed: 9470951046869888576

4951 Apogee the Cleaver (level 10, -5/88 HPs)
             Began as a Hill Orc Monk on Oct 28, 2020.
             Was a High Priest of Kikubaaqudgha.
             Slain by Grum
             ... wielding a +1 vorpal glaive
              (7 damage)
             ... on level 9 of the Dungeon.
             The game lasted 00:23:40 (13450 turns).

Apogee the Cleaver (Hill Orc Monk)                 Turns: 13450, Time: 00:23:41

Health: -5/88      AC:  4    Str: 15    XL:     10   Next: 52%
Magic:  18/25      EV: 12    Int: 14    God:    Kikubaaqudgha [*****.]
Gold:   199        SH:  0    Dex: 13    Spells: 12/17 levels left

rFire    . . .     SeeInvis +   A - +3 hand axe
rCold    x . .     Faith    .   (no shield)
rNeg     . . .     Spirit   .   x - +0 steam dragon scales
rPois    .         Reflect  .   (no helmet)
rElec    +         Harm     .   (no cloak)
rCorr    .         Rampage  +   t - +2 pair of gloves of Gluttony {Rampage Str-3 Slay+2}
MR       .....                  (no boots)
Stlth    ++........             s - amulet of the acrobat
HPRegen  0.24/turn              C - ring of Joqannul {rElec rC- MP+9 Int+4 SInv}
MPRegen  0.19/turn              E - -4 ring of protection (curse)

@: lightly drained
A: no striking features
a: Receive Corpses, Torment, Renounce Religion


You were on level 9 of the Dungeon.
You worshipped Kikubaaqudgha.
Kikubaaqudgha was extremely pleased with you.
You visited 1 branch of the dungeon, and saw 9 of its levels.

You collected 650 gold pieces.
You spent 451 gold pieces at shops.

Inventory:

Hand Weapons
 a - a +0 hand axe
 A - a +3 hand axe (weapon)
   (You took it off a wight on level 9 of the Dungeon)
 D - the +3 lajatang "Gaezisud" {speed, *Corrode rC++ Str+2, unknown}
   (You found it on level 7 of the Dungeon)

   Attacks with this weapon are significantly faster.
   It affects your strength (+2).
   It greatly protects you from cold.
   It may corrode you when you take damage.
Missiles
 i - 303 stones (quivered)
Armour
 t - the +2 pair of gloves of Gluttony (worn) {Rampage Str-3 Slay+2}
   (You bought it in a shop on level 4 of the Dungeon)

   It affects your strength (-3).
   It affects your accuracy and damage with ranged weapons and melee attacks
   (+2).
   It bestows one free step when moving towards enemies.
 x - +0 steam dragon scales (worn)
   (You found it on level 7 of the Dungeon)
 F - a +0 buckler
   (You found it on level 8 of the Dungeon)
Jewellery
 s - an amulet of the acrobat (around neck)
   (You found it on level 4 of the Dungeon)
 C - the ring of Joqannul (left hand) {rElec rC- MP+9 Int+4 SInv}
   (You found it on level 7 of the Dungeon)

   [ring of magical power]

   It affects your intelligence (+4).
   It makes you vulnerable to cold.
   It insulates you from electricity.
   It affects your magic capacity (+9).
   It lets you see invisible.
 E - a cursed -4 ring of protection (right hand)
   (You found it on level 7 of the Dungeon)
Wands
 c - a wand of disintegration (2)
   (You found it on level 5 of the Dungeon)
 d - a wand of iceblast (10)
   (You found it on level 4 of the Dungeon)
 u - a wand of paralysis (23)
   (You found it on level 5 of the Dungeon)
Scrolls
 b - 6 scrolls of teleportation {@r4}
 g - a scroll of enchant weapon {unknown}
 h - a scroll of fog {unknown}
 j - a scroll of noise {unknown}
 l - 3 scrolls of enchant armour
 m - 4 scrolls of magic mapping
 n - 2 scrolls of blinking
 r - 3 scrolls of random uselessness
 y - a scroll of amnesia {unknown}
 G - a scroll of identify {@r1}
Potions
 e - 4 potions of degeneration {!q}
 f - 4 potions of flight
 k - a potion of might
 o - a potion of cancellation
 p - 2 potions of curing {@q1}
 q - a potion of lignification {!q}
 v - 2 potions of brilliance
 w - a potion of ambrosia
 z - a potion of berserk rage {unknown}
 B - 2 potions of magic


   Skills:
 - Level 8.0(7.9) Fighting
 - Level 14.0(13.9) Axes
 - Level 2.4(2.3) Dodging
 - Level 1.5 Stealth
 - Level 4.0(3.9) Spellcasting
 + Level 7.0(6.9) Necromancy


You had 12 spell levels left.
You knew the following spells:

 Your Spells              Type           Power        Failure   Level
a - Pain                  Necr           ###.         1%          1
d - Dispel Undead         Necr           ###.....     11%         4

Your spell library contained the following spells:

 Spells                   Type           Power        Failure   Level
 Animate Skeleton         Necr           ###...       1%          1
 Sublimation of Blood     Necr           ###.......   1%          2
 Vampiric Draining        Necr           ###.......   3%          3
 Corpse Rot               Necr/Air       N/A          7%          2
 Animate Dead             Necr           ###.......   11%         4
 Magic Dart               Conj           #...         21%         1
 Blink                    Tloc           N/A          30%         2
 Call Imp                 Summ           #.......     30%         2
 Slow                     Hex            #.......     30%         2
 Agony                    Necr           ###.....     30%         5
 Excruciating Wounds      Necr           ###.......   30%         5
 Conjure Flame            Conj/Fire      #.......     52%         3
 Mephitic Cloud           Conj/Pois/Air  #.......     52%         3
 Death Channel            Necr           ###.......   86%         6
 Simulacrum               Ice/Necr       ##........   100%        6


Dungeon Overview and Level Annotations

Branches:
Dungeon (9/15)             Temple (0/1) D:7
   Lair: D:8-11         Orc: D:9-12

Altars:
Kikubaaqudgha
Makhleb
Okawaru
Sif Muna
Uskayaw

Shops:
D:4 [?}}   D:5 [   D:9 *

Annotations:
D:6 2 runed translucent doors, Ronin1791's ghost, novice MiFi
D:9 Grum


Message History

The wolf writhes in agony.
The wolf bites you. The wolf misses you.
Aim: a wolf (severely wounded, chance to defeat MR: 80%)
The wolf writhes in agony!
You kill the wolf!
Kikubaaqudgha accepts your kill.
The wolf stops to sniff the ground.
The wolf misses you.
Aim: a wolf (chance to defeat MR: 80%)
The wolf writhes in agony.
The wolf closely misses you. The wolf bites you.
Aim: a wolf (lightly wounded, chance to defeat MR: 80%)
The wolf writhes in agony.
The wolf bites you! The wolf bites you.
Aim: a wolf (lightly wounded, chance to defeat MR: 80%)
The wolf barely resists.
The wolf bites you.
Aim: a wolf (lightly wounded, chance to defeat MR: 80%)
The wolf barely resists.
The wolf closely misses you. The wolf bites you but does no damage.
Aim: a wolf (lightly wounded, chance to defeat MR: 80%)
The wolf writhes in agony!
The wolf barely misses you. x2
You barely miss the wolf. The wolf closely misses you.
You miss the wolf. The wolf bites you.
* * * LOW HITPOINT WARNING * * *
You barely miss the wolf. The wolf barely misses you.
Aim: a wolf (heavily wounded, chance to defeat MR: 65%)
The wolf struggles to resist.
The wolf bites you.
* * * LOW HITPOINT WARNING * * *
The wolf barely misses you.
That's the wrong kind of item! (Use * to select it.)
You don't have any such object.
Okay, then.
Aim: a wolf (heavily wounded, chance to defeat MR: 65%)
The wolf is blasted!!
You blow up the wolf!
Kikubaaqudgha accepts your kill.
Base training target 4.0 for Spellcasting reached!
Your base Spellcasting skill increases to level 4!
Your base Necromancy skill increases to level 7!
The wolf bites you.
* * * LOW HITPOINT WARNING * * *
Aim: a wolf (chance to defeat MR: 65%)
The wolf struggles to resist.
Grum growls angrily.
The wolf barely misses you.
Grum drinks a potion.
Grum seems to speed up.
The wolf bites you!
* * * LOW HITPOINT WARNING * * *
Aim: a wolf (chance to defeat MR: 65%) Grum is blasted!
Grum hits you from afar with a +1 vorpal glaive!!
* * * LOW HITPOINT WARNING * * *
You die...
Kikubaaqudgha rasps: "You have failed me!
Welcome... death!"

#...#....#.....#
#...')...+.....#
#...#....#.....#
#...#....#.....#
#...#....#.....#
#...#....#.###.#
#...#....#.....#
..##+#####'######'#h....#
................@.g##'###
...######..........#.... ...#
#...###....#...... ...#
#...###....#...g.... ...#
#..........#........
...######..........#........
...................#..########
..##'###############..#......#
.∩#...................#..#...#


You could see Grum (fast) and a wolf.

Vanquished Creatures
  Pikel (D:4)
  A hornet (D:9)
  A yak (D:7)
  A steam dragon (D:7)
  2 ice beasts
  A necrophage (D:6)
  4 sky beasts
  A phantom (D:7)
  3 orc warriors
  4 ogres
  2 wolves (D:9)
  3 centaurs
  4 bullfrogs
  A gnoll sergeant (D:6)
  2 scorpions
  A water moccasin skeleton (D:8)
  5 wights (D:9)
  5 killer bees (D:8)
  A howler monkey (D:6)
  2 hounds (D:7)
  2 bullfrog zombies
  3 jellies
  7 orc wizards
  2 orc priests
  Jessica (D:3)
  3 bullfrog skeletons
  3 iguanas
  Natasha (thrice) (D:2)
  7 worker ants
  A hound zombie (D:8)
  A worker ant zombie (D:9)
  11 gnolls
  9 adders
  8 river rats (D:5)
  A shadow imp (D:8)
  3 white imps
  An ufetubus (D:9)
  2 adder skeletons
  2 worms
  8 leopard geckos
  30 orcs
  2 ball pythons
  11 bats
  8 giant cockroaches
  11 goblins
  2 hobgoblins
  13 jackals
  13 quokkas
  7 frilled lizards
  2 jackal skeletons (D:4)
  7 kobolds
  A leopard gecko zombie (D:6)
  2 quokka skeletons
  17 rats
249 creatures vanquished.

Notes
Turn   | Place    | Note
-------+----------+-------------------------------------------
     0 | D:1      | Apogee the Hill Orc Monk began the quest for the Orb.
     0 | D:1      | Reached XP level 1. HP: 19/19 MP: 1/1
    88 | D:1      | Reached XP level 2. HP: 16/27 MP: 2/2
   822 | D:1      | Reached skill level 5 in Axes
   828 | D:1      | Reached XP level 3. HP: 32/33 MP: 3/3
  1731 | D:2      | Noticed Natasha
  1744 | D:2      | Killed Natasha
  1744 | D:2      | Reached skill level 6 in Axes
  1744 | D:2      | Reached XP level 4. HP: 27/41 MP: 4/4
  1943 | D:2      | Noticed Natasha
  1953 | D:2      | Killed Natasha
  2262 | D:2      | Noticed Natasha
  2274 | D:2      | Killed Natasha
  2274 | D:2      | Reached XP level 5. HP: 47/47 MP: 5/5
  2727 | D:3      | Found an ancient bone altar of Kikubaaqudgha.
  2728 | D:3      | Found an iron altar of Okawaru.
  2824 | D:3      | Became a worshipper of Kikubaaqudgha
  2824 | D:3      | Reached * piety under Kikubaaqudgha
  2824 | D:3      | Identified Kikubaaqudgha's Compendium of Evil Arts
                  | (Kikubaaqudgha gifted it to you on level 3 of the Dungeon)
  2824 | D:3      | Received a gift from Kikubaaqudgha
  2824 | D:3      | Reached ** piety under Kikubaaqudgha
  2895 | D:3      | Noticed Jessica
  2898 | D:3      | Reached skill level 5 in Fighting
  2915 | D:3      | Killed Jessica
  2915 | D:3      | Reached skill level 7 in Axes
  2953 | D:3      | Learned a level 1 spell: Pain
  3626 | D:4      | Reached XP level 6. HP: 54/56 MP: 6/6
  3852 | D:4      | Reached *** piety under Kikubaaqudgha
  3852 | D:4      | Identified Kikubaaqudgha's Guide on Darkness (Kikubaaqudgha
                  | gifted it to you on level 4 of the Dungeon)
  3852 | D:4      | Received a gift from Kikubaaqudgha
  3861 | D:4      | Reached skill level 8 in Axes
  3966 | D:4      | HP: 2/57 [gnoll/+0 halberd (13)]
  4406 | D:4      | Found Vyukluin's Book Shoppe.
  4412 | D:4      | Found Yntac's Gadget Shop.
  4466 | D:4      | Found Vaoczies's Gadget Shop.
  4479 | D:4      | Reached XP level 7. HP: 17/63 MP: 7/7
  4790 | D:4      | Noticed Pikel
  4843 | D:4      | Killed Pikel
  4843 | D:4      | Reached skill level 10 in Axes
  4843 | D:4      | Reached XP level 8. HP: 12/73 MP: 8/8
  5142 | D:4      | Found Ijikhlusk's Magic Scroll Boutique.
  5240 | D:4      | Found Mour's Antique Armour Boutique.
  5246 | D:4      | Bought a pair of warped gloves for 199 gold pieces
  5264 | D:4      | Identified the +2 pair of gloves of Gluttony {Rampage Str-3
                  | Slay+2} (You bought it in a shop on level 4 of the Dungeon)
  5596 | D:5      | Entered Level 5 of the Dungeon
  5763 | D:5      | Found a shimmering blue altar of Sif Muna.
  5893 | D:5      | Found Syug Xibuxi's Antique Armour Shop.
  6295 | D:5      | Found a burning altar of Makhleb.
  6295 | D:5      | Found a hide-covered altar of Uskayaw.
  6468 | D:5      | Reached skill level 11 in Axes
  6519 | D:5      | Reached **** piety under Kikubaaqudgha
  7242 | D:6      | Reached skill level 1 in Necromancy
  7503 | D:6      | Reached skill level 12 in Axes
  7571 | D:6      | Reached XP level 9. HP: 36/81 MP: 9/9
  8229 | D:6      | Found a large runed translucent door.
  8259 | D:6      | Found a large runed translucent door.
  8259 | D:6      | Noticed Ronin1791's ghost (novice MiFi)
  8692 | D:7      | Reached skill level 13 in Axes
  9208 | D:7      | Found a staircase to the Ecumenical Temple.
  9239 | D:7      | Reached skill level 1 in Spellcasting
 10205 | D:7      | Found a transporter.
 10356 | D:7      | Reached skill level 14 in Axes
 10367 | D:7      | Reached skill level 5 in Necromancy
 10367 | D:7      | Reached XP level 10. HP: 40/88 MP: 13/13
 10569 | D:7      | Found a transporter.
 10580 | D:7      | Got a slimy steel ring
 10582 | D:7      | Got a dazzling lajatang
 10601 | D:7      | Identified the ring of Joqannul {rElec rC- MP+9 Int+4 SInv}
                  | (You found it on level 7 of the Dungeon)
 10786 | D:5      | Bought a jewelled scale mail for 252 gold pieces
 10796 | D:5      | Identified the +1 scale mail of the Quahog {rCorr Str+3
                  | Dex+2 Slay-6} (You bought it in a shop on level 5 of the
                  | Dungeon)
 11076 | D:7      | Learned a level 4 spell: Dispel Undead
 12621 | D:9      | Reached ***** piety under Kikubaaqudgha
 12805 | D:9      | Paralysed by a hornet for 2 turns
 13174 | D:9      | Found Neojidas's Assorted Antiques.
 13430 | D:9      | Noticed Grum
 13450 | D:9      | HP: 2/88 [Grum/+1 vorpal glaive (23)]
 13450 | D:9      | Slain by Grum

Illustrated notes

Levels and vault maps discovered:
D:1:      dpeg_arrival_rhombi, layout_basic
D:2:      layout_basic, uniq_natasha
D:3:      layout_basic, gammafunk_temple_overflow_statue, uniq_jessica
D:4:      layout_loops_cross, serial_shops, shop_statue, shop,
          nicolae_shop_temple_entry_statues_fountains, shop, shop,
          grunt_tough_drop, uniq_pikel
D:5:      lemuel_ratsnest, layout_loops_ring,
          gammafunk_temple_overflow_elements, serial_shops, shop, basic_altar
D:6:      layout_loops_ring, ebering_ghost_disaster_area
D:7:      gammafunk_the_bubble [the_bubble_gammafunk_crates], layout_gridville,
          minmay_temple_entry_drinking_statues
D:8:      layout_basic, kennysheep_generic_room_13
D:9:      layout_stronghold, serial_shops, shop, uniq_grum, uniq_harold,
          uniq_gastronok

Skill      XL: |  1  2  3  4  5  6  7  8  9 10 |
---------------+-------------------------------+-----
Fighting       | 4 5 6 7 8 |  8.0
Axes           | 5 6 7 8 10 12 14 | 14.0
Necromancy     | 2 5 7 |  7.0
Spellcasting   | 2 4 |  4.0
Dodging        | |  2.4
Stealth        | |  1.5

Action                   |  1- 3 |  4- 6 |  7- 9 | 10-12 || total
-------------------------+-------+-------+-------+-------++-------
Melee: Hand axe          |   135 |   297 |   554 |   194 ||  1180
Throw: Stone             |       |       |     5 |       ||     5
 Cast: Pain              |       |       |       |    42 ||    42
       Dispel Undead     |       |       |       |     8 ||     8
Evoke: Wand              |       |       |    14 |     4 ||    18
  Use: Potion            |       |     3 |       |     9 ||    12
       Scroll            |       |       |     8 |     3 ||    11
 Stab: Sleeping          |       |       |       |     7 ||     7
Armor: Robe              |    10 |       |       |       ||    10
       Chain mail        |    80 |   194 |   173 |       ||   447
       Skin              |       |       |       |    33 ||    33
       Steam dragon scal |       |       |       |    25 ||    25
Dodge: Dodged            |    62 |   108 |   130 |   104 ||   404

Table legend: (Time is in decaauts)
 A = Elapsed time spent in this place.
 B = Non-inter-level travel time spent in this place.
 C = Inter-level travel time spent in this place.
 D = Time resting spent in this place.
 E = Time spent auto-exploring this place.
 F = Levels seen in this place.
 G = Mean time per level.
                   A        B        C        D        E       F      G
               +--------+--------+--------+--------+--------+-----+--------+
         Total |  13230 |  12679 |    551 |   2977 |   7689 |   9 | 1470.0 |
       Dungeon |  13230 |  12679 |    551 |   2977 |   7689 |   9 | 1470.0 |
               +--------+--------+--------+--------+--------+-----+--------+

Top non-repeatable levels by time:
     D:7: 2287 daAuts
     D:4: 1969 daAuts
     D:6: 1714 daAuts
     D:5: 1422 daAuts
     D:3: 1255 daAuts
     D:8: 1220 daAuts
     D:1: 1205 daAuts
     D:2: 1168 daAuts
     D:9: 986 daAuts
